 Dungeon Crawl Stone Soup version 0.30.1-9-gdf580d7c3d (webtiles) character file.

Game seed: 1618305745177305498

88 SacredBeard the Trooper (level 4, -3/41 HPs)
             Began as a Hill Orc Fighter on Oct 25, 2023.
             Killed from afar by an orc wizard (12 damage)
             ... with a puff of flame
             ... on level 3 of the Dungeon.
             The game lasted 00:05:04 (1212 turns).

SacredBeard the Trooper (Hill Orc Fighter)          Turns: 1212, Time: 00:05:07

Health: -3/41      AC:  9    Str: 20    XL:     4   Next: 53%
Magic:  4/4        EV:  7    Int:  8    God:
Gold:   82         SH:  4    Dex: 10    Spells: 3/3 levels left

rFire   . . .        g - +0 hand axe
rCold   . . .        c - +0 buckler
rNeg    . . .        m - +0 chain mail
rPois   .            (no helmet)
rElec   .            (no cloak)
rCorr   .            (no gloves)
SInv    .            (no boots)
Will    .....        (no amulet) Stlth
                     (no ring)
HPRegen 0.26/turn    (no ring)
MPRegen 0.09/turn

%: no passive effects
@: no status effects
A: no striking features
a: Convert to Beogh


You were on level 3 of the Dungeon.
You visited 1 branch of the dungeon, and saw 3 of its levels.

You collected 82 gold pieces.

Inventory:

Hand Weapons
 a - a +0 war axe
 g - a +0 hand axe (weapon)
Armour
 c - a +0 buckler (worn)
 m - a +0 chain mail (worn)
Scrolls
 e - 2 scrolls of magic mapping {unknown}
 h - a scroll of blinking {unknown}
 i - 4 scrolls of enchant weapon {unknown}
 j - 2 scrolls of vulnerability {unknown}
 l - 2 scrolls of noise {unknown}
 o - a scroll of torment {unknown}
 p - a scroll of summoning {unknown}
 q - a scroll of amnesia {unknown}
Potions
 b - 2 potions of mutation {unknown}
 d - 2 potions of might
 f - a potion of berserk rage {unknown}
 k - a potion of heal wounds {unknown}
 n - a potion of resistance {unknown}


   Skills:
 * Level 4.6 Fighting
 * Level 4.2 Axes
 + Level 3.7 Armour
 + Level 3.7 Shields


You had 3 spell levels left.
You didn't know any spells.
Your spell library contained the following spells:

 Spells                   Type           Power      Damage    Failure   Level
 Magic Dart               Conj           0%         1d3       99%         1
 Searing Ray              Conj           0%         2d4       99%         2
 Fulminant Prism          Conj/Hex       0%         3d5       100%        4


Dungeon Overview and Level Annotations

Branches:
Dungeon (3/15)

Altars:


Message History

Something hits you but does no damage.
You hit something. You block the orc's attack.
Something hits you but does no damage.
You hit something but do no damage.
The orc hits you from afar with a +0 trident.
Something hits you. Something hits you but does no damage.
The orc hits you from afar with a +0 trident!
You miss something.
An orc priest comes into view. It is wielding a +0 flail.
You block the orc's attack. Something hits you but does no damage.
You barely miss something.
The orc priest shouts, "Beogh is our master!
Accept the truth or die!" (press Y on the ability menu to convert to Beogh)
The orc priest shouts!
The orc priest miscasts a cantrip.
The orc barely misses you. You block something's attack.
You hit something. You block the orc's attack.
Something hits you but does no damage.
You hit something.
The orc priest invokes the aid of Beogh against you.
Beogh smites you! You block the orc's attack.
You hear some strange, mumbled words.
A puff of flame appears from out of thin air!
The puff of flame hits you but does no damage.
You miss something.
The orc hits you from afar with a +0 trident.
* * * LOW HITPOINT WARNING * * *
Something hits you but does no damage.
Sorry, you're not good enough to have a special ability.
Unknown command.
Sorry, you're not good enough to have a special ability.
You closely miss something. The orc hits you but does no damage.
Something hits you but does no damage.
You hit something but do no damage.
The orc hits you from afar with a +0 trident.
* * * LOW HITPOINT WARNING * * *
You hear some strange, mumbled words.
A puff of flame appears from out of thin air!
The puff of flame hits you!
You die...

....# ##..............
.##.##...#.....#######
.##....###.##....#######
###...####...†##.......#
...^.....###..########..
.........# #....#
.........####.#.#
...........##...##
.........#..##..@#
.######.## #.#{#
.....##.### .....o
..........#####..#o
....................
####.............. ..
##..#...............>
##..#.............. ...
...##........>.


You could see an orc priest and an orc.

Vanquished Creatures
  An orc wizard (D:3)
  2 adders (D:2)
  2 dart slugs
  2 orcs (D:3)
  4 endoplasms
  3 giant cockroaches
  5 goblins (D:1)
  3 jackals (D:2)
  4 kobolds
  2 quokkas (D:1)
  5 ball pythons
  3 frilled lizards
  4 rats
40 creatures vanquished.

Notes
Turn   | Place    | Note
-------+----------+-------------------------------------------
     0 | D:1      | SacredBeard the Hill Orc Fighter began the quest for the
                  | Orb.
     0 | D:1      | Reached XP level 1. HP: 19/19 MP: 1/1
   216 | D:1      | Reached XP level 2. HP: 22/27 MP: 2/2
   341 | D:1      | Found a faded altar of an unknown god.
   506 | D:2      | Reached XP level 3. HP: 27/33 MP: 3/3
   814 | D:2      | Noticed a scorpion
   871 | D:3      | Reached XP level 4. HP: 15/41 MP: 4/4
  1212 | D:3      | Killed from afar by an orc wizard

Illustrated notes

Levels and vault maps discovered:
D:1:      dpeg_arrival_chambers_temple_mockup, layout_rooms,
          ebering_ecumenical_altar_rust, minmay_heptomino_d4
D:2:      layout_basic, uniq_terence
D:3:      layout_rooms, grunt_temple_overflow_lords_of_destruction

Skill      XL: |  1  2  3 |
---------------+----------+-----
Axes           | 3 4 |  4.2
Fighting       | 4 |  4.6
Armour         | |  3.7
Shields        | |  3.7

Action                     |  1- 3 |  4- 6 || total
---------------------------+-------+-------++-------
  Melee: War axe           |    18 |       ||    18
         Hand axe          |    65 |    28 ||    93
 Armour: Scale mail        |    30 |     1 ||    31
         Chain mail        |       |    17 ||    17
  Dodge: Dodged            |    27 |     8 ||    35
  Block: Buckler           |    19 |     7 ||    26
